Match 44220688
Unlisted

Match 44220688
End
Construct Barracks
1⁄4-ton 4x4 Truck
Riflemen Squad
Selects Armored Battlegroup
Selects Veteran Crews
Riflemen Squad
Grenade Package
Air Support Center
Riflemen Squad
P-47 Strafing Run
Construct Motor Pool
P-47 Dive Bomb
P-47 Strafing Run
Grasshopper Recon Run
M1 Anti-tank Gun Team
P-47 Dive Bomb
P-47 Strafing Run
M24 Chaffee Light Tank
M1 Anti-tank Gun Team
P-47 Dive Bomb
Engineer Squad
Grasshopper Recon Run
M1918 Browning Automatic Rifles
P-47 Strafing Run
P-47 Dive Bomb
Grasshopper Recon Run
P-47 Strafing Run
Construct Tank Depot
XuZhongwei
Peng
bilibuzz
3+++
Ards
simhap
是棋老师鸭
梧桐
0
0

Comments sign in to comment!

No comments posted yet!